 Dungeon Crawl Stone Soup version 0.29.1-1-gd02db6906a (webtiles) character file.

Game seed: 13355092005564206808

149992 MisterFreud the Warrior (level 18, -11/162 HPs)
             Began as a Formicid Gladiator on Oct 21, 2022.
             Was a Priest of Yredelemnul.
             Mangled by a nagaraja
             ... wielding a +2 flail of holy wrath
              (27 damage)
             ... on level 4 of the Snake Pit.
             The game lasted 00:51:19 (30129 turns).

MisterFreud the Warrior (Formicid Gladiator)       Turns: 30129, Time: 00:51:20

Health: -11/162    AC: 23    Str: 26      XL:     18   Next: 15%
Magic:  22/27      EV: 11    Int:  7 (9)  God:    Yredelemnul [***...]
Gold:   1061       SH: 21    Dex: 21 (22) Spells: 17/17 levels left

rFire   . . .      SeeInvis +   L - +6 lajatang (vamp)
rCold   + + .      Faith    .   J - +3 kite shield
rNeg    . . .      Spirit   .   t - +0 chain mail of Wuurih Boett {rPois rC+ Dex+3}
rPois   +          Reflect  +   (helmet unavailable)
rElec   .          Harm     .   u - +2 cloak {Will+}
rCorr   .          Rampage  ∞   B - +0 pair of gloves of the Enchanted Forest {rC+}
Will    ++...                   h - +3 pair of seven-league boots {Rampage+∞}
Stlth   ..........              e - amulet of reflection
HPRegen 0.37/turn               k - +4 ring of evasion
MPRegen 0.20/turn               l - +6 ring of strength

@: constricted
A: permanent stasis, dig shafts and tunnels, antennae 3, four strong arms,
deterioration 2, weak 1
a: Dig, Shaft Self, Renounce Religion, Recall Undead Harvest, Dark Bargain


You were on level 4 of the Snake Pit.
You worshipped Yredelemnul.
Yredelemnul was pleased with you.
You visited 5 branches of the dungeon, and saw 27 of its levels.
You also visited: Ossuary and Ice Cave.

You collected 2852 gold pieces.
You spent 1791 gold pieces at shops.

Inventory:

Hand Weapons
 a - a +4 spectral lajatang
 L - a +6 vampiric lajatang (weapon)
 M - a +0 lajatang of venom
Missiles
 c - 9 throwing nets (quivered)
 d - 3 javelins
 i - 6 curare-tipped darts
 y - 3 silver boomerangs
 G - 21 poisoned darts
 K - 24 boomerangs
Armour
 h - the +3 pair of seven-league boots (worn) {Rampage+∞}
   (You found it on level 1 of the Snake Pit)

   Its wearer moves as far as possible in that direction when moving towards
   enemies.
 t - the +0 chain mail of Wuurih Boett (worn) {rPois rC+ Dex+3}
   (You found it on level 5 of the Dungeon)

   Dex:       It affects your dexterity (+3).
   rC:        It protects you from cold.
   rPois:     It protects you from poison.
 u - a +2 cloak of willpower (worn)
 B - the +0 pair of gloves of the Enchanted Forest (worn) {rC+}
   (You acquired it on level 2 of the Orcish Mines)

   rC:        It protects you from cold.
 J - a +3 kite shield (worn)
Jewellery
 e - an amulet of reflection (around neck)
 f - a +4 ring of evasion
 k - a +4 ring of evasion (left hand)
 l - a +6 ring of strength (right hand)
 n - a ring of willpower
 r - a ring of magical power
 s - a ring of positive energy
 w - a ring of protection from fire
 Y - an amulet of regeneration
Wands
 F - a wand of polymorph (11)
 H - a wand of acid (8)
 I - a wand of mindburst (23)
 S - a wand of iceblast (30)
 T - a wand of charming (27)
 Z - a wand of digging (5)
Scrolls
 g - a scroll of butterflies
 m - 4 scrolls of torment
 q - 19 scrolls of identify
 v - 2 scrolls of brand weapon
 z - 4 scrolls of amnesia
 P - 2 scrolls of enchant weapon
 R - 3 scrolls of magic mapping
 U - 5 scrolls of poison
 X - 2 scrolls of fear
Potions
 j - 5 potions of brilliance
 o - 10 potions of flight
 p - 4 potions of mutation
 x - 6 potions of resistance
 A - 3 potions of invisibility
 C - 6 potions of heal wounds
 D - 9 potions of curing
 E - 3 potions of cancellation
 N - 2 potions of magic
 V - 5 potions of might
Miscellaneous
 b - a lightning rod (4/4)
 O - a condenser vane
 Q - a box of beasts
 W - a phial of floods


   Skills:
 - Level 20.0 Fighting
 - Level 14.0 Staves
 - Level 5.0 Throwing
 - Level 15.0 Armour
 - Level 2.6 Dodging
 + Level 12.1 Shields
 - Level 12.0 Invocations
 - Level 10.0 Evocations


You had 17 spell levels left.
You didn't know any spells.
Your spell library contained the following spells:

 Spells                   Type           Power      Damage    Failure   Level
 Summon Small Mammal      Summ           0%         N/A       97%         1
 Ensorcelled Hibernation  Hex/Ice        0%         N/A       99%         2
 Passwall                 Tmut/Erth      0%         N/A       99%         2
 Static Discharge         Conj/Air       0%         3-3/arc   99%         2
 Call Canine Familiar     Summ           0%         N/A       100%        3
 Dazzling Flash           Conj/Hex       0%         N/A       100%        3
 Frozen Ramparts          Ice            0%         1d1       100%        3
 Gell's Gravitas          Tloc           0%         N/A       100%        3
 Ignite Poison            Fire/Tmut/Pois 0%         N/A       100%        3
 Inner Flame              Hex/Fire       0%         N/A       100%        3
 Lesser Beckoning         Tloc           0%         N/A       100%        3
 Mephitic Cloud           Conj/Pois/Air  0%         N/A       100%        3
 Spider Form              Tmut/Pois      0%         N/A       100%        3
 Summon Guardian Golem    Hex/Summ       0%         N/A       100%        3
 Teleport Other           Tloc           0%         N/A       100%        3
 Anguish                  Hex/Necr       0%         N/A       100%        4
 Ice Form                 Ice/Tmut       0%         N/A       100%        4
 Summon Ice Beast         Ice/Summ       0%         N/A       100%        4
 Freezing Cloud           Conj/Ice/Air   0%         6-21      100%        5
 Lee's Rapid Deconstruct  Erth           0%         3d5*      100%        5
 Lightning Bolt           Conj/Air       0%         1d11      100%        5
 Manifold Assault         Tloc           0%         N/A       100%        5
 Summon Forest            Summ/Tloc      0%         N/A       100%        5
 Eringya's Noxious Bog    Tmut/Pois      0%         N/A       100%        6
 Haunt                    Necr/Summ      0%         N/A       100%        7
 Summon Hydra             Summ           0%         N/A       100%        7
 Infestation              Necr           0%         N/A       100%        8
 Maxwell's Capacitive Co  Air            0%         ∞         100%        8
 Blink                    Tloc           Unusable   N/A       N/A         2
 Swiftness                Air            Unusable   N/A       N/A         3
 Animate Dead             Necr           Unusable   N/A       N/A         4

Dungeon Overview and Level Annotations

Branches:
Dungeon (15/15)            Temple (1/1) D:6            Lair (5/5) D:8
 Shoals (0/4) Lair:3        Snake (4/4) Lair:3        Slime (0/5) Lair:4
    Orc (2/2) D:9             Elf (0/3) Orc:2        Vaults (0/5) D:13
 Depths (0/4) D:15        Ossuary (visited)           IceCv (visited)

Altars:
Ashenzari
Cheibriados
Dithmenos
Elyvilon
Fedhas
Gozag
Hepliaklqana
Kikubaaqudgha
Makhleb
Nemelex Xobeh
Okawaru
Qazlal
Ru
Sif Muna
Trog
Uskayaw
Vehumet
Wu Jian
Xom
Yredelemnul
Zin
The Shining One
Jiyva

Shops:
D:6 !   D:13 (   Orc:1 =   Orc:2 ![?=*   Snake:2 :(?[=   Snake:4 (

Portals:
Pandemonium: Orc:2
Trove: D:10 (give +3 storm dragon scales)

Annotations:
D:9 1 runed translucent door, t4s4d4r's ghost, novice OpTm
D:13 3 runed translucent doors, zurenarrh's ghost, journeyman MiFi
Lair:2 3 runed translucent doors, Fygoopro's ghost, journeyman DjHW
Lair:4 2 transporters
Orc:1 2 transporters, Dootley's ghost, journeyman FoFi


Innate Abilities, Weirdness & Mutations

You cannot be hasted, slowed, berserked, paralysed or teleported.
You can dig through walls and to a lower floor.
You have a pair of large antennae on your head. (SInv)
Your four strong arms can wield two-handed weapons with a shield.
Your body often deteriorates upon taking damage.
You are weak. (Str -2)


Message History

The nagaraja casts a spell at you.
The poison arrow hits you but does no damage.
You are poisoned.
The nagaraja constricts you.
* * * LOW HITPOINT WARNING * * *
You block the naga sharpshooter's attack.
The naga warrior closely misses your naga sharpshooter zombie.
The naga warrior grabs your naga sharpshooter zombie.
The naga warrior constricts your naga sharpshooter zombie.
You hit the nagaraja.
The nagaraja is heavily wounded.
You feel very sick.
The nagaraja hits you with a +2 flail of holy wrath!!
* * * LOW HITPOINT WARNING * * *
The nagaraja constricts you.
You hear an angry hiss.
Unknown command.
You feel better.
The naga sharpshooter barely misses you.
The naga warrior spits poison at you.
The splash of poison reflects off an invisible shield around you!
The splash of poison hits the naga warrior.
The naga warrior is poisoned.
The naga warrior constricts your naga sharpshooter zombie.
The nagaraja spits poison at you.
The splash of poison reflects off an invisible shield around you!
The splash of poison hits the nagaraja.
The nagaraja is poisoned.
The nagaraja constricts you.
Your naga sharpshooter zombie hits the nagaraja!
Your naga sharpshooter zombie closely misses the nagaraja.
As you read the scroll of fear, it crumbles to dust.
You assume a fearsome visage.
The naga sharpshooter looks frightened!
The naga warrior resists with almost no effort.
The naga warrior looks frightened!
The naga warrior resists with some effort.
The nagaraja resists with almost no effort.
The naga sharpshooter no longer looks unusually strong.
The nagaraja hits you with a +2 flail of holy wrath!!
You die...
Your body rises from the dead as a mindless zombie.

{#...#.##.#.#.#.#.#{
{
#####...#.#.#.#.#.#
##...##.#.#.#.#.#. {
#....#.#.#.#Z#.#.#
#....##.#.#)#.#)#.
#....#.#.#.#.#.#.#
{#...^##.#.#)#)#.#.
#ZZ#.#.#.#.#.#.#.#
#@Z#.##.#.#.#)#.#.
#NN#...#.#.#.#.#.#
{NN.####.#.#.#.#.#.
..N.# #.#.#.#.#.#.#
#....# ##.#.#.#.#.#.
##..## #.#.#.#.#.#.#
#### ##.#.#.#.#.#Z
#.#.#.#.#.#Z#
######.#.#.#.#{#Z


You could see a nagaraja (fast, strong, poisoned, catching breath, ally target),
3 naga warriors, a naga sharpshooter (fleeing), the friendly Kirke the bound
human, a friendly mana viper zombie and a friendly naga sharpshooter zombie.

Vanquished Creatures
  The ghost of bworf the Fencer, an adept MiMo of Okawaru (Snake:1)
  A nagaraja (Snake:4)
  A stone giant (D:15)
  3 hydras
  Harold (Lair:1)
  2 boulder beetles
  Fannar (D:12)
  3 vault guards (D:13)
  A demonspawn (Orc:2)
  3 catoblepae
  Erica (D:11)
  7 anacondas
  2 centaur warriors
  6 naga warriors
  4 two-headed ogres (D:9)
  2 tengu warriors (D:15)
  4 death yaks (Lair:5)
  7 shock serpents
  7 orc high priests
  9 naga sharpshooters
  8 skeletal warriors
  2 salamander mystics (Snake:4)
  A deep troll (D:12)
  Lodul (D:11)
  A sea snake (shapeshifter) (D:15)
  2 sea snakes (Snake:3)
  4 naga ritualists
  5 orc knights
  Pikel (D:7)
  3 deep elf pyromancers
  12 mana vipers
  5 cyclopes
  9 orc sorcerers
  3 ugly things
  5 salamanders
  An ice statue (IceCv)
  7 naga magi
  2 guardian serpents
  A rust devil (Orc:2)
  18 black mambas
  13 elephants
  5 cane toads
  2 kobold demonologists (D:9)
  2 rime drakes
  7 komodo dragons
  8 trolls
  2 hornets
  4 polar bears
  Prince Ribbit (D:7)
  5 blink frogs
  3 dream sheep
  2 slime creatures (D:12)
  2 centaur simulacra
  A shadow (D:11)
  42 yaks
  A vampire (D:10)
  4 wraiths
  2 basilisks
  3 wyverns
  Grum (D:8)
  2 steam dragons
  6 hogs
  3 humans (D:13)
  2 death yak simulacra (IceCv)
  7 vampire mosquitoes
  21 nagas
  3 acid dragons
  15 water moccasins
  2 black bears
  2 ice beasts (D:8)
  35 orc warriors
  10 wolves
  18 ogres
  5 centaurs
  A phantom (D:7)
  3 kobold brigands
  15 bullfrogs
  5 scorpions
  2 cane toad simulacra (IceCv)
  6 wights (D:9)
  An elephant simulacrum (IceCv)
  2 howler monkeys
  An electric eel (Snake:3)
  A centaur zombie (Ossuary)
  4 hounds
  A gnoll bouda (D:8)
  3 jellies
  2 human zombies (Ossuary)
  30 orc priests
  Jessica (D:2)
  2 iguanas (D:6)
  6 hell rats
  18 orc wizards
  3 mummies
  7 gnolls
  7 adders
  10 white imps
  An adder zombie (Ossuary)
  A worm (D:3)
  4 dart slugs
  76 orcs
  6 ball pythons
  9 endoplasms
  7 goblins
  8 hobgoblins
  4 jackals
  18 kobolds
  6 quokkas
  8 bats
  2 frilled lizards (D:2)
  A goblin zombie (Ossuary)
  18 hobgoblin zombies
  2 jackal zombies (Ossuary)
  9 kobold zombies (Ossuary)
  6 orc zombies
  2 rats
  A rat zombie (Ossuary)
718 creatures vanquished.

Vanquished Creatures (collateral kills)
  Rupert (D:12)
  A frost giant (D:15)
  An orc warlord (Orc:1)
  Aizul (Snake:1)
  A vault guard (D:13)
  A boulder beetle (Lair:4)
  3 hydras
  3 catoblepae (Lair:5)
  A naga warrior (Snake:1)
  A demonspawn (Orc:2)
  A two-headed ogre (D:12)
  An anaconda (Snake:2)
  3 naga sharpshooters
  A soul eater (Orc:2)
  A shock serpent (Snake:3)
  A skeletal warrior (D:15)
  A mana viper (Snake:1)
  A deep elf pyromancer (D:13)
  2 orc sorcerers
  An ugly thing (D:13)
  A cyclops (D:13)
  A salamander (Snake:2)
  2 manticores (Lair:5)
  9 elephants
  5 black mambas
  A naga mage (Snake:3)
  2 guardian serpents (Snake:1)
  5 cane toads
  An orange demon (Orc:2)
  A gargoyle (D:13)
  A komodo dragon (shapeshifter) (D:15)
  3 komodo dragons (Lair:5)
  A hellwing (Orc:2)
  A polar bear (Lair:2)
  2 slime creatures (D:12)
  2 dream sheep (Lair:4)
  5 blink frogs
  21 yaks
  3 hogs
  4 humans (D:13)
  13 nagas
  3 water moccasins
  3 orc warriors (Orc:2)
  A black bear (Lair:2)
  An ogre (Orc:2)
  2 wolves
  A centaur (D:13)
  2 bullfrogs
  An electric eel (Snake:3)
  5 orc priests
  2 orc wizards (Orc:1)
  6 hell rats
  3 white imps (Lair:3)
  21 orcs
  2 kobolds (D:11)
  A bush (Lair:4)
  A fungus (Lair:5)
166 creatures vanquished.

Vanquished Creatures (others)
  A spectral centaur (Orc:1)
  2 anaconda zombies (Snake:2)
  An ugly thing zombie (D:12)
  3 shock serpent zombies
  A spectral orc (Orc:2)
  A spectral soul eater (Orc:2)
  A catoblepas zombie (Lair:5)
  5 mana viper zombies
  3 human zombies (D:13)
  A guardian serpent zombie (Snake:1)
  A spectral komodo dragon (Lair:5)
  7 black mamba zombies
  A human (D:13)
  A warg (Orc:1)
  A cane toad zombie (Lair:5)
  An elephant zombie (Lair:5)
  4 blink frog zombies
  A manticore zombie (Lair:5)
  An elf zombie (D:13)
  A hog zombie (Snake:4)
  2 vampire mosquito zombies
  2 komodo dragon zombies (Lair:5)
  3 salamander zombies
  3 water moccasin zombies (Lair:5)
  A warg zombie (Orc:1)
  13 yak zombies
  2 wolf zombies
  A basilisk zombie (Lair:5)
  A naga zombie (Snake:4)
  2 ogre zombies
  2 hell rat zombies (Lair:5)
  An orc (Orc:2)
  2 hobgoblin zombies (Orc:1)
  48 orc zombies
  49 fungi
  95 plants
265 creatures vanquished.

Grand Total: 1149 creatures vanquished

Notes
Turn   | Place    | Note
-------+----------+-------------------------------------------
     0 | D:1      | MisterFreud the Formicid Gladiator began the quest for the
                  | Orb.
     0 | D:1      | Reached XP level 1. HP: 16/16 MP: 1/1
   311 | D:1      | Reached skill level 1 in Shields
   311 | D:1      | Reached XP level 2. HP: 16/22 MP: 2/2
   994 | D:2      | Noticed Jessica
  1012 | D:2      | Killed Jessica
  1013 | D:2      | Reached XP level 3. HP: 18/27 MP: 3/3
  1204 | D:2      | Reached XP level 4. HP: 33/33 MP: 4/4
  1344 | D:2      | Found a faded altar of an unknown god.
  1817 | D:3      | Reached XP level 5. HP: 33/38 MP: 5/5
  2094 | D:3      | Reached skill level 5 in Staves
  2307 | D:4      | Noticed a black bear
  2313 | D:4      | Killed a black bear
  2314 | D:4      | Reached XP level 6. HP: 35/44 MP: 6/6
  2902 | D:4      | Reached skill level 5 in Shields
  2902 | D:4      | Reached XP level 7. HP: 40/50 MP: 7/7
  3098 | D:4      | Reached skill level 1 in Armour
  3879 | D:5      | Entered Level 5 of the Dungeon
  3917 | D:5      | Reached XP level 8. HP: 33/56 MP: 8/8
  4064 | D:5      | Identified the +0 chain mail of Wuurih Boett {rPois rC+
                  | Dex+3}
  4185 | D:5      | Found a sand-covered staircase.
  4224 | Ossuary  | Entered an ossuary
  4857 | D:6      | Reached skill level 5 in Armour
  4974 | D:6      | Reached XP level 9. HP: 45/61 MP: 9/9
  5069 | D:6      | Reached skill level 10 in Shields
  5084 | D:6      | Reached skill level 3 in Fighting
  5197 | D:6      | Found a staircase to the Ecumenical Temple.
  5309 | D:6      | Reached skill level 4 in Fighting
  5364 | D:6      | Found Paigu's Distillery.
  5369 | D:6      | Bought a potion of heal wounds for 55 gold pieces
  5369 | D:6      | Bought a potion of invisibility for 88 gold pieces
  5369 | D:6      | Bought a potion of curing for 33 gold pieces
  5369 | D:6      | Bought 2 potions of curing for 66 gold pieces
  5684 | D:7      | Found a sparkling altar of Nemelex Xobeh.
  5702 | D:7      | Found a sacrificial altar of Ru.
  5719 | D:7      | Reached skill level 5 in Fighting
  5783 | Temple   | Entered the Ecumenical Temple
  6031 | D:7      | Noticed a hornet
  6037 | D:7      | Killed a hornet
  6128 | D:7      | Noticed Prince Ribbit
  6142 | D:7      | Killed Prince Ribbit
  6340 | D:7      | Noticed Pikel
  6349 | D:7      | Killed Pikel
  6350 | D:7      | Reached XP level 10. HP: 72/74 MP: 10/10
  6538 | D:7      | Found a shimmering blue altar of Sif Muna.
  6539 | D:7      | Found a burning altar of Makhleb.
  6541 | D:7      | Found an opulent altar of Gozag.
  6610 | D:8      | Reached skill level 10 in Staves
  6612 | D:8      | Noticed Grum
  6633 | D:8      | Killed Grum
  7702 | D:8      | Found a staircase to the Lair.
  7756 | D:9      | Noticed a kobold demonologist
  7756 | D:9      | Noticed a kobold demonologist
  7761 | D:9      | Noticed a rust devil
  7770 | D:9      | Noticed a sun demon
  7773 | D:9      | Noticed a soul eater
  7975 | D:9      | Killed a kobold demonologist
  7976 | D:9      | Killed a kobold demonologist
  8018 | D:9      | Found a runed translucent door.
  8023 | D:9      | Noticed t4s4d4r's ghost (novice OpTm)
  8033 | D:9      | Reached skill level 1 in Evocations
  8246 | D:9      | Noticed a two-headed ogre
  8247 | D:9      | Found a basalt altar of Yredelemnul.
  8247 | D:9      | Noticed a two-headed ogre
  8254 | D:9      | Noticed a two-headed ogre
  8258 | D:9      | Killed a two-headed ogre
  8259 | D:9      | Reached XP level 11. HP: 57/79 MP: 11/11
  8264 | D:9      | Killed a two-headed ogre
  8268 | D:9      | Killed a two-headed ogre
  8269 | D:9      | Reached skill level 5 in Evocations
  8460 | D:9      | Became a worshipper of Yredelemnul the Dark
  8478 | D:9      | Found a staircase to the Orcish Mines.
  8572 | D:9      | Noticed a two-headed ogre
  8578 | D:9      | Killed a two-headed ogre
  8578 | D:9      | Reached * piety under Yredelemnul
  8671 | D:9      | Reached ** piety under Yredelemnul
  9067 | D:10     | Entered Level 10 of the Dungeon
  9353 | D:10     | Found a portal to a secret trove of treasure.
 10148 | D:11     | Noticed a brown ugly thing
 10163 | D:11     | Killed a brown ugly thing
 10318 | D:11     | Found a bloodstained altar of Trog.
 10375 | D:11     | Identified the +7 short sword of Vodka {flame, rElec Str+3}
 10411 | D:11     | Noticed Lodul
 10420 | D:11     | Reached *** piety under Yredelemnul
 10431 | D:11     | Killed Lodul
 10432 | D:11     | Reached XP level 12. HP: 59/86 MP: 12/12
 10768 | D:11     | Reached skill level 1 in Invocations
 10781 | D:11     | Reached **** piety under Yredelemnul
 10902 | D:11     | You fall into a shaft and drop 1 floor!
 11042 | D:12     | Noticed a skeletal warrior
 11043 | D:12     | Noticed a skeletal warrior
 11045 | D:12     | Noticed a skeletal warrior
 11047 | D:12     | Noticed a skeletal warrior
 11051 | D:12     | Killed a skeletal warrior
 11199 | Lair:1   | Entered Level 1 of the Lair of Beasts
 11226 | Lair:1   | Reached skill level 5 in Invocations
 11366 | Lair:1   | Reached ***** piety under Yredelemnul
 11369 | Lair:1   | Reached skill level 10 in Evocations
 11890 | Lair:1   | Noticed Harold
 11896 | Lair:1   | Killed Harold
 11897 | Lair:1   | Reached XP level 13. HP: 91/91 MP: 19/19
 11997 | Lair:1   | Found a shadowy altar of Dithmenos.
 12252 | Lair:2   | Reached skill level 10 in Invocations
 12263 | Lair:2   | Identified the +3 scale mail "Trusted Companion" {-Tele
                  | +Inv rElec MP+9}
 12324 | Lair:2   | Reached ****** piety under Yredelemnul
 12588 | Lair:2   | Found a runed translucent gate.
 12597 | Lair:2   | Found a runed translucent gate.
 12598 | Lair:2   | Found a runed translucent gate.
 12598 | Lair:2   | Noticed Fygoopro's ghost (journeyman DjHW)
 12598 | Lair:2   | Noticed a 13-headed hydra
 12663 | Lair:2   | Reached skill level 6 in Fighting
 12695 | Lair:2   | Reached skill level 7 in Fighting
 12851 | Lair:2   | Identified the +1 scale mail "Nototes" {+Inv Will+ Dex-4}
 12863 | Lair:2   | Noticed a four-headed hydra
 12870 | Lair:2   | Killed a nine-headed hydra
 13317 | Lair:3   | Found a frozen archway.
 13333 | IceCv    | Entered an ice cave
 13378 | IceCv    | Reached skill level 8 in Fighting
 13605 | IceCv    | HP: 2/98 [ice statue/bolt of cold (8)]
 13742 | Lair:3   | Reached skill level 9 in Fighting
 13921 | Lair:3   | Found a staircase to the Snake Pit.
 13992 | Lair:3   | Found a staircase to the Shoals.
 14313 | Lair:4   | Reached skill level 10 in Fighting
 14321 | Lair:3   | Reached XP level 14. HP: 69/110 MP: 23/23
 14609 | Lair:4   | Found a transporter.
 15173 | Lair:4   | Found a transporter.
 15350 | Lair:4   | Found a viscous altar of Jiyva.
 15350 | Lair:4   | Found a staircase to the Slime Pits.
 15644 | Lair:5   | Entered Level 5 of the Lair of Beasts
 15732 | Lair:5   | Reached skill level 10 in Armour
 15854 | Lair:5   | Reached skill level 5 in Throwing
 15962 | Lair:5   | Reached skill level 11 in Fighting
 16013 | Lair:5   | Reached skill level 12 in Fighting
 16013 | Lair:5   | Reached XP level 15. HP: 115/120 MP: 22/24
 16645 | Lair:5   | Got the Writings on the Chilling Storm
 17146 | D:11     | Noticed Erica
 17156 | D:11     | Killed Erica
 17157 | D:11     | Reached skill level 13 in Fighting
 17810 | D:12     | Noticed Rupert
 17817 | D:12     | Killed Rupert
 17818 | D:12     | Reached skill level 14 in Fighting
 17865 | D:12     | Noticed Fannar
 17872 | D:12     | Killed Fannar
 18314 | D:13     | Reached skill level 15 in Fighting
 18333 | D:13     | Found a runed translucent gate.
 18334 | D:13     | Found a runed translucent gate.
 18336 | D:13     | Found a runed translucent gate.
 18474 | D:13     | Found a gate to the Vaults.
 18553 | D:13     | Found Lugaus Zeji's Antique Weapon Emporium.
 18724 | D:13     | Found a glowing silver altar of Zin.
 18889 | D:13     | Noticed zurenarrh's ghost (journeyman MiFi)
 18948 | D:13     | Noticed an angel
 19256 | D:14     | Reached skill level 16 in Fighting
 19792 | D:15     | Entered Level 15 of the Dungeon
 19893 | D:15     | Found a staircase to the Depths.
 19893 | D:15     | Noticed a stone giant
 19906 | D:15     | Killed a stone giant
 20327 | D:15     | Reached XP level 16. HP: 139/139 MP: 25/25
 20762 | D:15     | Noticed a frost giant
 20770 | D:15     | Killed a frost giant
 20771 | D:15     | Reached skill level 17 in Fighting
 21232 | Orc:1    | Entered Level 1 of the Orcish Mines
 21295 | Orc:1    | Noticed Dootley's ghost (journeyman FoFi)
 21303 | Orc:1    | Found a bloodstained altar of Trog.
 21310 | Orc:1    | Found a transporter.
 21313 | Orc:1    | Found a transporter.
 22140 | Orc:1    | Found Antirin's Jewellery Boutique.
 22253 | Orc:2    | Entered Level 2 of the Orcish Mines
 22265 | Orc:2    | Gained mutation: Your body sometimes deteriorates upon
                  | taking damage. [a neqoxec]
 22266 | Orc:2    | Gained mutation: Your body often deteriorates upon taking
                  | damage. [a neqoxec]
 22267 | Orc:2    | Gained mutation: You are weak. (Str -2) [a neqoxec]
 22407 | Orc:1    | Reached skill level 18 in Fighting
 23008 | Orc:2    | Found Sucsafio's Overcharged Wands.
 23247 | Orc:2    | Found a staircase to the Elven Halls.
 23271 | Orc:2    | Found Lohet's Distillery.
 23276 | Orc:2    | Found Usaush's Magic Scroll Shoppe.
 23357 | Orc:2    | Bought a potion of heal wounds for 80 gold pieces
 23357 | Orc:2    | Bought a potion of mutation for 128 gold pieces
 23357 | Orc:2    | Bought a potion of might for 64 gold pieces
 23357 | Orc:2    | Bought a potion of curing for 48 gold pieces
 23357 | Orc:2    | Bought a potion of curing for 48 gold pieces
 23360 | Orc:2    | Bought a scroll of fear for 56 gold pieces
 23360 | Orc:2    | Bought 2 scrolls of enchant weapon for 210 gold pieces
 23360 | Orc:2    | Bought a scroll of acquirement for 728 gold pieces
 23364 | Orc:2    | Acquired the +0 pair of gloves of the Enchanted Forest
                  | {rC+}
 24137 | Orc:2    | Reached skill level 19 in Fighting
 24461 | Orc:2    | Found Taupnuat's Antique Armour Shop.
 24461 | Orc:2    | Found Miaxe's Jewellery Boutique.
 24461 | Orc:2    | Found a one-way gate leading to the halls of Pandemonium.
 24469 | Orc:2    | Bought an embroidered cloak for 187 gold pieces
 24681 | Snake:1  | Entered Level 1 of the Snake Pit
 24701 | Snake:1  | Found a basalt altar of Yredelemnul.
 24835 | Snake:1  | Reached XP level 17. HP: 131/155 MP: 26/26
 24866 | Snake:1  | Acquired a +4 spectral lajatang
 25140 | Snake:1  | Reached skill level 20 in Fighting
 25754 | Snake:1  | Noticed Kirke
 25781 | Snake:1  | Killed Kirke
 25781 | Snake:1  | Enslaved Kirke
 25966 | Snake:1  | Noticed Aizul
 25980 | Snake:1  | Killed Aizul
 26070 | Snake:1  | Found a runed translucent door.
 26203 | Snake:1  | Noticed bworf's ghost (adept MiMo)
 26203 | Snake:1  | Found the +3 pair of seven-league boots {Rampage+∞}
 26226 | Snake:1  | Killed bworf's ghost
 26233 | Snake:1  | Got Fatysylo's Monograph on Stones and the Oath
 26573 | Snake:2  | Found Jasigoc's Antique Armour Shop.
 27176 | Snake:2  | Found Mupoawn's Magic Scroll Shoppe.
 27178 | Snake:2  | Found Esemaymp's Antique Weapon Emporium.
 27181 | Snake:2  | Found Oblizor's Book Shoppe.
 27392 | Snake:2  | Found Piarytt's Jewellery Boutique.
 29135 | Snake:4  | Entered Level 4 of the Snake Pit
 29238 | Snake:4  | Reached skill level 15 in Armour
 29281 | Snake:4  | Reached XP level 18. HP: 81/162 MP: 27/27
 29798 | Snake:4  | Found Moonull's Weapon Shoppe.
 30127 | Snake:4  | HP: 4/162 [nagaraja/+2 flail of holy wrath (34)]
 30129 | Snake:4  | Mangled by a nagaraja

Illustrated notes

Levels and vault maps discovered:
D:1:      minmay_arrival_up_and_down, layout_loops_cross
D:2:      layout_basic, ebering_ecumenical_altar_petrified,
          minmay_splitting_lines, uniq_jessica
D:3:      layout_basic, chequers_garden, chequers_serial_rivers_marsh
D:4:      minmay_evil_eye, layout_loops_ring
D:5:      layout_basic, nicolae_ossuary_entry_false_entrances
D:6:      layout_loops_ring, minmay_temple_entry_stoned_glass, serial_shops,
          kennysheep_little_box
D:7:      layout_gridville, minitemple, minmay_tree_intersection, uniq_pikel,
          uniq_prince_ribbit1
D:8:      layout_layer_cave, lair_entry_dummy, minivault_22,
          minmay_mini_ossuary, uniq_grum
D:9:      layout_basic, lemuel_crystal_altar, hellmonk_ghost_big_iron,
          grunt_ministairs_2, chequers_serial_rivers_micro_e
D:10:     layout_basic, trove_entry_hex_spiral, serial_bayou_pond_a
D:11:     layout_loops_ring, trog_hazing_becter, uniq_lodul, uniq_erica
D:12:     dreamdust_cave_troll, layout_long_grid, st_stairs_4, uniq_rupert,
          uniq_fannar
D:13:     layout_rooms, ximxim_vaults_locker_room, gammafunk_ghost_icy,
          serial_shops, nicolae_shop_temple_entry_statues_fountains, zin_angel
D:14:     layout_long_grid, serial_glass, glass_columns_c, glass_columns_a,
          serial_bayou_shore_a, kennysheep_generic_room_6
D:15:     grunt_enter_depths_snipers, layout_loops_corners, minmay_misc_feat_x,
          small_statue_intersection, chequers_serial_rivers_micro_b,
          minmay_microvault
Temple:   eino_temple_rhombus
Lair:1:   layout_regular_city, basic_altar, uniq_harold
Lair:2:   layout_chaotic_city, gammafunk_ghost_hydra_chop
Lair:3:   layout_concentric_octagons, elwin_shoals_entry_rocks,
          minmay_snake_entry_guardpost_small, portal_ice_cave_entry_imps
Lair:4:   gammafunk_worm_tunnel, layout_cave_pods, dpeg_slime_entry_corner,
          st_stairs_11, hangedman_lair_generics_rect, lemuel_fruit_tree
Lair:5:   evilmike_catoblepas_cave, layout_layer_cave, columned_hall_lemuel,
          grunt_megastairs_4
Snake:1:  layout_misc_corridors, ebering_ghost_reflecting_pool, basic_altar,
          uniq_kirke, uniq_aizul
Snake:2:  layout_rooms, serial_shops, nicolae_lakefront_shop, shop_fountains,
          minmay_shop_star
Snake:3:  layout_chambers, nicolae_snake_bzzzt
Snake:4:  grunt_snake_rune_serpentine_throne, layout_basic, serial_bayou,
          serial_bayou_shore_b, serial_bayou_shore_b, serial_bayou_pond_e,
          serial_bayou_shore_b, serial_shops, nicolae_shop_waterfront,
          nicolae_shop_stone
Orc:1:    cheibrodos_orc_bank, layout_diamond_mine, serial_shops,
          nicolae_shop_advertising_works [nicolae_subvault_shop_adworks],
          gammafunk_ghost_wrathful_warriors, minmay_orc_temple_c
Orc:2:    pf_orc_diabolical, layout_caves, nicolae_shop_overcharged_wands

Skill      XL: |  1  2  3  4  5  6  7  8  9 10 11 12 13 14 15 16 17 18 |
---------------+-------------------------------------------------------+-----
Shields        | 1 2 3 4 5 7 9 10 12 | 12.1
Staves         | 4 5 6 9 12 13 14 | 14.0
Armour         | 3 5 10 15 | 15.0
Fighting       | 5 10 12 16 19 20 | 20.0
Evocations     | 3 7 10 | 10.0
Invocations    | 9 12 | 12.0
Throwing       | 5 |  5.0
Dodging        | |  2.6

Action                   |  1- 3 |  4- 6 |  7- 9 | 10-12 | 13-15 | 16-18 || total
-------------------------+-------+-------+-------+-------+-------+-------++-------
Melee: Quarterstaff      |    53 |    94 |   329 |   145 |     4 |       ||   625
       Lajatang          |       |       |       |   300 |   741 |   998 ||  2039
Throw: Dart              |       |       |       |     1 |     1 |       ||     2
       Javelin           |       |       |       |     1 |       |       ||     1
Invok: Bind Soul         |       |       |       |     1 |     1 |     3 ||     5
       Recall Undead Har |       |       |       |       |     6 |     6 ||    12
       Drain Life        |       |       |       |       |     2 |     3 ||     5
       Dark Bargain      |       |       |       |       |     2 |       ||     2
 Abil: Dig               |       |       |       |       |     2 |       ||     2
Evoke: Wand              |       |       |       |     2 |       |       ||     2
       Box of beasts     |       |       |       |       |     1 |       ||     1
       Phial of floods   |       |       |       |       |     1 |       ||     1
  Use: Scroll            |     3 |     3 |     8 |     6 |    12 |     3 ||    35
       Potion            |     1 |       |       |       |     1 |     3 ||     5
 Stab: Sleeping          |     1 |     3 |       |       |       |       ||     4
       Distracted        |     1 |       |       |     6 |    10 |    15 ||    32
       Petrified         |       |       |       |       |     1 |       ||     1
Armor: Leather armour    |     6 |    16 |       |       |       |       ||    22
       Chain mail        |       |       |    78 |    60 |   206 |   181 ||   525
Dodge: Dodged            |    22 |    29 |    63 |    68 |   220 |   244 ||   646
Block: Kite shield       |    35 |    64 |   290 |   319 |   727 |   908 ||  2343
       Reflection        |     1 |     1 |     3 |     3 |    27 |    71 ||   106
